 Dungeon Crawl Stone Soup version 0.30-a0-223-gcb0039aa0c (webtiles) character file.

Game seed: 12199021616236675735

34 greasedhog the Ruffian (level 3, -1/21 HPs)
             Began as a Gargoyle Transmuter on Oct 9, 2022.
             Slain by Sigmund
             ... wielding a +0 scythe
              (8 damage)
             ... on level 2 of the Dungeon.
             The game lasted 00:01:25 (1114 turns).

greasedhog the Ruffian (Gargoyle Transmuter)        Turns: 1114, Time: 00:01:26

Health: -1/21      AC:  7    Str: 15    XL:     3   Next: 31%
Magic:  3/6        EV: 11    Int: 13    God:
Gold:   53         SH:  0    Dex: 10    Spells: 3/6 levels left

rFire   . . .      SeeInvis .      - Unarmed
rCold   . . .      Faith    .    (no shield)
rNeg    + . .      Spirit   .    a - +0 robe
rPois   ∞          Reflect  .    (no helmet)
rElec   +          Harm     .    (no cloak)
rCorr   .          Rampage  .    i - +1 pair of gloves
Will    .....                    (no boots)
Stlth   +.........               (no amulet)
HPRegen 0.23/turn                (no ring)
MPRegen 0.10/turn                (no ring)

@: wereblooded (expiring)
A: sickness immunity, AC +3, negative energy resistance 1, electricity
resistance, torment resistance 1, petrification resistance
a: no special abilities


You were on level 2 of the Dungeon.
You visited 1 branch of the dungeon, and saw 2 of its levels.

You collected 53 gold pieces.

Inventory:

Armour
 a - a +0 robe (worn)
 i - a +1 pair of gloves (worn)
Scrolls
 f - a scroll of blinking {unknown}
 g - a scroll of identify {unknown}
 h - a scroll of noise {unknown}
Potions
 b - a potion of lignification
 c - a potion of cancellation {unknown}
 d - a potion of flight {unknown}
 e - a potion of might {unknown}
 j - a potion of mutation {unknown}
 k - a potion of magic {unknown}
 l - a potion of ambrosia {unknown}


   Skills:
 * Level 2.1 Fighting
 - Level 1.5 Dodging
 * Level 3.4 Unarmed Combat
 - Level 2.0 Spellcasting
 * Level 2.1 Transmutations


You had 3 spell levels left.
You knew the following spells:

 Your Spells              Type           Power      Damage    Failure   Level
a - Beastly Appendage     Tmut           12%        N/A       11%         1
b - Wereblood             Tmut           6%         N/A       16%         2

Your spell library contained the following spells:

 Spells                   Type           Power      Damage    Failure   Level
 Spider Form              Tmut/Pois      4%         N/A       43%         3
 Ice Form                 Ice/Tmut       4%         N/A       85%         4


Dungeon Overview and Level Annotations

Branches:
Dungeon (2/15)

Altars:

Annotations:
D:2 Sigmund


Innate Abilities, Weirdness & Mutations

You are immune to sickness and miasma.
Your stone body is resilient. (AC +3)
You are immune to poison.
You resist negative energy. (rN+)
You are resistant to electric shocks. (rElec)
You are resistant to unholy torment.
You are immune to petrification.


Message History

Confirm with . or Enter, or press ? or * to list all spells.
You extend your transformation's duration.
Found a potion of lignification and a scroll labelled JATALI FUAXZO.
Sigmund's eyes start glowing with a red light.
Sigmund barely misses you.
You closely miss Sigmund. Your kick misses Sigmund.
Your headbutt misses Sigmund. Sigmund hits you with a +0 scythe.
You hit Sigmund. Your kick misses Sigmund.
Sigmund is lightly wounded.
You hit Sigmund.
Sigmund is lightly wounded.
Sigmund casts a spell at you.
You are confused.
You miss Sigmund. Your kick misses Sigmund.
Sigmund is lightly wounded.
Your transformation is almost over.
Sigmund points at you and mumbles some strange words.
The puff of flame hits you but does no damage.
Found a chain mail.
Sigmund hits you with a +0 scythe.
You closely miss Sigmund. Your kick misses Sigmund.
Sigmund is lightly wounded.
You howl as the wereblood boils in your veins!
Sigmund barely misses you.
You hit Sigmund. Your kick misses Sigmund. You headbutt Sigmund.
Sigmund is moderately wounded.
Sigmund barely misses you.
Your primal bloodlust is almost over.
Sigmund closely misses you.
You barely miss Sigmund.
Sigmund is moderately wounded.
You feel less confused.
You closely miss Sigmund. You claw Sigmund. Your headbutt misses Sigmund.
Sigmund is moderately wounded.
Sigmund gestures at you while chanting. The magic dart hits you!
You hit Sigmund but do no damage. Your kick misses Sigmund.
Sigmund is moderately wounded.
Your horns disappear.
Your talons disappear.
Sigmund hits you with a +0 scythe!
You die...

........# ...[....# ####
...?....##...#
........#....#
.............# #.
.............# #.
.............##
#..........#.....##
#...(!.....@@.....#
#....###..#.......#
###.#.##...##.......# #
............#.......# ..
#...#...#.)....[#.#
..####..##.#####.......#
#..#.......# ###...###
.#.#....#### .....
........# ....##


You could see Sigmund.

Vanquished Creatures
  An adder (D:2)
  A worm (D:2)
  2 bats
  2 endoplasms (D:2)
  3 jackals (D:1)
  3 kobolds
  3 quokkas
  2 ball pythons (D:1)
  A frilled lizard (D:2)
  2 goblins
  2 rats (D:1)
22 creatures vanquished.

Notes
Turn   | Place    | Note
-------+----------+-------------------------------------------
     0 | D:1      | greasedhog the Gargoyle Transmuter began the quest for the
                  | Orb.
     0 | D:1      | Reached XP level 1. HP: 12/12 MP: 3/3
   130 | D:1      | Reached XP level 2. HP: 13/16 MP: 3/5
   182 | D:1      | Learned a level 2 spell: Wereblood
   930 | D:2      | Reached XP level 3. HP: 21/21 MP: 4/6
  1087 | D:2      | Noticed Sigmund
  1114 | D:2      | Slain by Sigmund

Illustrated notes

Levels and vault maps discovered:
D:1:      scummos_arrival_simple_fountains, layout_basic
D:2:      layout_rooms, basic_altar, shapermc_ecumenical_altar_totnotflames,
          nicolae_elevator_lobby_asterisk, uniq_sigmund, uniq_crazy_yiuf_cottage

Skill      XL: |  1  2  3 |
---------------+----------+-----
Transmutations | 2 |  2.1
Fighting       | 2 |  2.1
Dodging        | |  1.5
Unarmed Combat | |  3.4
Spellcasting   | |  2.0

Action                   || total
-------------------------++-------
Melee: Unarmed           ||    55
       Kick              ||     7
       Headbutt          ||    10
 Cast: Beastly Appendage ||    14
       Wereblood         ||     2
Armor: Robe              ||    21
Dodge: Dodged            ||    38

Table legend: (Time is in decaauts)
 A = Elapsed time spent in this place.
 B = Non-inter-level travel time spent in this place.
 C = Inter-level travel time spent in this place.
 D = Time resting spent in this place.
 E = Time spent auto-exploring this place.
 F = Levels seen in this place.
 G = Mean time per level.
                   A        B        C        D        E       F      G
               +--------+--------+--------+--------+--------+-----+--------+
         Total |   1110 |   1056 |     54 |     65 |    827 |   2 |  555.0 |
       Dungeon |   1110 |   1056 |     54 |     65 |    827 |   2 |  555.0 |
               +--------+--------+--------+--------+--------+-----+--------+

Top non-repeatable levels by time:
     D:1: 850 daAuts
     D:2: 260 daAuts
